 Dungeon Crawl Stone Soup version 0.31-a0-595-g4209ae197b (webtiles) character file.

Game seed: 14454692258869580540

462 AdnanSaban the Cudgeller (level 7, -1/43 HPs)
             Began as a Gargoyle Fighter on Aug 20, 2023.
             Frozen to death by an endoplasm (3 damage)
             ... on level 4 of the Dungeon.
             The game lasted 00:02:42 (2830 turns).

AdnanSaban the Cudgeller (Gargoyle Fighter)         Turns: 2830, Time: 00:02:44

Health: -1/43      AC: 18    Str: 21    XL:     7   Next: 7%
Magic:  7/7        EV:  6    Int: 15    God:
Gold:   204        SH:  4    Dex:  9    Spells: 6/6 levels left

rFire   . . .        a - +0 flail
rCold   . . .        c - +0 buckler
rNeg    + . .        o - +0 plate armour
rPois   ∞            (no helmet)
rElec   +            (no cloak)
rCorr   .            (no gloves)
SInv    .            i - +0 pair of boots
Will    .....        (no amulet) Stlth
                     q - +6 ring of intelligence
HPRegen 0.27/turn    (no ring)
MPRegen 0.10/turn

%: no passive effects
@: no status effects
A: sickness immunity, AC +4, negative energy resistance 1, electricity
resistance, torment resistance 1, petrification resistance
a: no special abilities


You were on level 4 of the Dungeon.
You visited 1 branch of the dungeon, and saw 4 of its levels.

You collected 204 gold pieces.

Inventory:

Hand Weapons
 a - a +0 flail (weapon)
Missiles
 e - 6 boomerangs
 l - 9 poisoned darts (quivered)
 w - 2 throwing nets
Armour
 c - a +0 buckler (worn)
 i - a +0 pair of boots (worn)
 o - a +0 plate armour (worn)
Jewellery
 q - a +6 ring of intelligence (left hand)
Wands
 v - a wand of polymorph (8)
Scrolls
 f - a scroll of vulnerability {unknown}
 g - 2 scrolls of fog {unknown}
 j - 4 scrolls of identify {unknown}
 k - a scroll of blinking {unknown}
 m - 2 scrolls of teleportation {unknown}
 n - 3 scrolls of poison {unknown}
 r - a scroll of enchant armour {unknown}
 t - a scroll of fear {unknown}
 x - a scroll of enchant weapon {unknown}
Potions
 b - a potion of attraction {unknown}
 d - 5 potions of might
 h - 4 potions of curing {unknown}
 p - a potion of experience {unknown}
 s - a potion of degeneration {unknown}
 u - 2 potions of mutation {unknown}


   Skills:
 + Level 4.2 Fighting
 + Level 5.2 Maces & Flails
 + Level 0.2 Throwing
 + Level 4.8 Armour
 + Level 1.0 Dodging
 + Level 4.2 Shields


You had 6 spell levels left.
You didn't know any spells.
Your spell library contained the following spells:

 Spells                   Type           Power      Damage    Failure   Level
 Portal Projectile        Hex/Tloc       0%         N/A       100%        3
 Tukima's Dance           Hex            0%         N/A       100%        3
 Iskenderun's Mystic Bla  Conj/Tloc      0%         2d3       100%        4


Dungeon Overview and Level Annotations

Branches:
Dungeon (4/15)
 Temple: D:4-7

Altars:
Dithmenos
Elyvilon
Hepliaklqana

Shops:
D:1 (   D:2 *


Innate Abilities, Weirdness & Mutations

You are immune to sickness and miasma.
Your stone body is resilient. (AC +4)
You are immune to poison.
You resist negative energy. (rN+)
You are resistant to electric shocks. (rElec)
You are resistant to unholy torment.
You are immune to petrification.


Message History

No target in view!
Found a hazy altar of Hepliaklqana.
You now have 204 gold pieces (gained 5).
No target in view!
An endoplasm and an ogre come into view.
Found 6 gold pieces.
The endoplasm quivers.
The ogre shouts!
You throw a poisoned dart. The poisoned dart hits the ogre.
The ogre is poisoned.
You throw a poisoned dart. The poisoned dart hits the ogre.
The ogre looks more healthy.
There is an open door here.
You barely miss the endoplasm. The endoplasm freezes you.
You are frozen.
The endoplasm freezes you.
You are frozen.
You barely miss the endoplasm. You hit the ogre.
The ogre is moderately wounded.
You sock the ogre!
The ogre is heavily wounded.
The ogre hits you with a +0 giant spiked club.
You hit the ogre.
The ogre is severely wounded.
The ogre hits you with a +0 giant spiked club!!
Ouch! That really hurt!
* * * LOW HITPOINT WARNING * * *
You sock the ogre!
You kill the ogre!
Your Maces & Flails skill increases to level 5!
You have reached level 7!
You hit the endoplasm but do no damage. The endoplasm freezes you.
You are frozen.
* * * LOW HITPOINT WARNING * * *
The endoplasm freezes you.
You are frozen.
You die...

#### #........# ...###
#........# .## ##...###
#........#...#...#
####...#
#..)†....#...#...#
...###.##
#).....##.[.....## ##.#
#..######....##.........#
##..........##...8.[.8...
#
########..##...=........
... #...@J..8...⌠...8.
... #...##.......(.... ..
#....##...8...8... .
##.#..##........$#
#.##..##.......## ..#
#..#...#...# .##
#...#...# . #..## ..#
#..# ..#


You could see an endoplasm.

Vanquished Creatures
  2 ogres (D:4)
  A jelly (D:4)
  Ijyb (D:3)
  Natasha (thrice) (D:3)
  3 gnolls (D:3)
  5 adders
  2 dart slugs (D:1)
  5 ball pythons
  8 endoplasms
  A giant cockroach (D:1)
  13 goblins
  8 hobgoblins
  7 jackals (D:1)
  6 kobolds
  6 quokkas
  3 bats
  8 frilled lizards
  8 rats
90 creatures vanquished.

Notes
Turn   | Place    | Note
-------+----------+-------------------------------------------
     0 | D:1      | AdnanSaban the Gargoyle Fighter began the quest for the
                  | Orb.
     0 | D:1      | Reached XP level 1. HP: 14/14 MP: 1/1
    74 | D:1      | Reached XP level 2. HP: 13/19 MP: 2/2
   355 | D:1      | Found Ycheubb's Weapon Emporium.
   436 | D:1      | Reached XP level 3. HP: 22/23 MP: 3/3
  1105 | D:2      | Found a shadowy altar of Dithmenos.
  1321 | D:2      | Reached XP level 4. HP: 29/29 MP: 4/4
  1496 | D:2      | Found Vuexzinn's Assorted Antiques.
  1634 | D:3      | Noticed Natasha
  1638 | D:3      | Killed Natasha
  1639 | D:3      | Reached skill level 3 in Maces & Flails
  1782 | D:3      | Reached XP level 5. HP: 33/33 MP: 5/5
  1923 | D:3      | Noticed Natasha
  1937 | D:3      | Killed Natasha
  2075 | D:3      | Noticed Natasha
  2086 | D:3      | Killed Natasha
  2282 | D:3      | Noticed Ijyb
  2309 | D:3      | Killed Ijyb
  2310 | D:3      | Reached skill level 4 in Maces & Flails
  2337 | D:3      | Reached skill level 1 in Dodging
  2337 | D:3      | Reached XP level 6. HP: 33/38 MP: 6/6
  2688 | D:4      | Found a white marble altar of Elyvilon.
  2811 | D:4      | Found a hazy altar of Hepliaklqana.
  2830 | D:4      | Reached skill level 5 in Maces & Flails
  2830 | D:4      | Reached XP level 7. HP: 6/43 MP: 7/7
  2830 | D:4      | HP: 2/43 [frozen (4)]
  2830 | D:4      | Frozen to death by an endoplasm

Illustrated notes

Levels and vault maps discovered:
D:1:      matt_arrival_refuge, layout_loops_cross, serial_shops, shop
D:2:      cheibrodos_greedy_goblins, layout_basic, basic_altar, serial_shops,
          nicolae_shop_overgrown_old_shop
D:3:      layout_loops_ring, uniq_natasha, uniq_ijyb
D:4:      kennysheep_the_goblin_king, layout_rooms,
          mainiacjoe_overflow_six_doors_small, minmay_overflow_temple_star_hex

Skill      XL: |  1  2  3  4  5  6 |
---------------+-------------------+-----
Armour         | 4 |  4.8
Maces & Flails | 3 4 5 |  5.2
Fighting       | 4 |  4.2
Shields        | 4 |  4.2
Dodging        | 1 |  1.0
Throwing       | |  0.2

Action                     |  1- 3 |  4- 6 |  7- 9 || total
---------------------------+-------+-------+-------++-------
  Melee: Flail             |   157 |   187 |     1 ||   345
         Unarmed           |       |     7 |       ||     7
  Throw: Dart              |       |     5 |       ||     5
 Armour: Scale mail        |   110 |       |       ||   110
         Plate armour      |    21 |   147 |       ||   168
         Skin              |       |     2 |       ||     2
  Dodge: Dodged            |   103 |    74 |       ||   177
  Block: Buckler           |    41 |    47 |       ||    88

Table legend: (Time is in decaauts)
 A = Elapsed time spent in this place.
 B = Non-inter-level travel time spent in this place.
 C = Inter-level travel time spent in this place.
 D = Time resting spent in this place.
 E = Time spent auto-exploring this place.
 F = Levels seen in this place.
 G = Mean time per level.
                   A        B        C        D        E       F      G
               +--------+--------+--------+--------+--------+-----+--------+
         Total |   2926 |   2849 |     77 |      0 |   2103 |   4 |  731.5 |
       Dungeon |   2926 |   2849 |     77 |      0 |   2103 |   4 |  731.5 |
               +--------+--------+--------+--------+--------+-----+--------+

Top non-repeatable levels by time:
     D:1: 995 daAuts
     D:3: 985 daAuts
     D:2: 665 daAuts
     D:4: 279 daAuts
